 Dungeon Crawl Stone Soup version 0.24-a0-537-g2d01d4ab0a (webtiles) character file.

Game seed: 5690829791134533542

1162 Aggronaut the Transmogrifier (level 8, -6/88 HPs)
             Began as a Red Draconian Transmuter on Aug 13, 2019.
             Mangled by an orc warrior
             ... wielding a +0 long sword
              (9 damage)
             ... on level 6 of the Dungeon on Aug 14, 2019.
             The game lasted 00:16:22 (7191 turns).

Aggronaut the Transmogrifier (DrTm)                 Turns: 7191, Time: 00:16:22

Health: -6/88      AC: 24    Str: 13    XL:     8   Next: 17%
Magic:  11/11      EV:  2    Int: 14    God:
Gold:   199        SH:  0    Dex: 19    Spells: 2/11 levels left

rFire    . . .     SeeInvis .     - Unarmed
rCold    . . .     Gourm    .   (no shield)
rNeg     + + +     Faith    .   (armour unavailable)
rPois    +         Spirit   .   (helmet currently unavailable)
rElec    .         Reflect  .   (cloak currently unavailable)
rCorr    .         Harm     .   (gloves currently unavailable)
MR       ++...     NoTele   +   (boots currently unavailable)
Stlth    ++........             h - amulet of the acrobat
HPRegen  0.24/turn              g - ring "Iluargha" {rN+ MR++ Dex+3}
MPRegen  0.12/turn              i - +3 ring of dexterity (curse)

@: tree-form
A: (breathe fire), unfitting armour, AC +6
a: no special abilities


You were on level 6 of the Dungeon.
You were hungry.
You were a tree.
You visited 1 branch of the dungeon, and saw 6 of its levels.

You collected 199 gold pieces.

Inventory:

Missiles
 a - 70 arrows
 k - 6 boomerangs
 m - 6 poisoned darts (quivered)
Armour
 l - a +0 pair of boots (melded)
 n - a +0 cloak (melded)
Jewellery
 g - the ring "Iluargha" (left branch) {rN+ MR++ Dex+3}
   (You found it on level 5 of the Dungeon)

   [ring of positive energy]

   It affects your dexterity (+3).
   It protects you from negative energy.
   It affects your resistance to hostile enchantments.
 h - an amulet of the acrobat (around neck)
 i - a cursed +3 ring of dexterity (right branch)
Wands
 f - a wand of acid (9)
Scrolls
 d - a scroll of remove curse
Potions
 e - a potion of flight
 o - 2 potions of agility
 q - a potion of mutation
Comestibles
 c - 5 rations
 p - 6 chunks of flesh


   Skills:
 - Level 1.1 Fighting
 - Level 1.7 Dodging
 + Level 6.3 Unarmed Combat
 - Level 2.0 Spellcasting
 * Level 8.2 Transmutations


You had 2 spell levels left.
You knew the following spells:

 Your Spells              Type           Power        Failure   Level  Hunger
a - Beastly Appendage     Tmut           ###...       1%          1    ##.....
b - Blade Hands           Tmut           ###.......   22%         5    ######.
c - Spider Form           Tmut/Pois      ##........   13%         3    ####...

Your spell library contained the following spells:

 Spells                   Type           Power        Failure   Level  Hunger
 Sticks to Snakes         Tmut           ###.....     1%          2    ###....
 Ice Form                 Ice/Tmut       ##......     41%         4    #####..


Dungeon Overview and Level Annotations

Branches:
Dungeon (6/15)
 Temple: D:4-7

Altars:
Xom

Annotations:
D:6 1 runed translucent door, PeterQ's ghost, novice VSGl


Innate Abilities, Weirdness & Mutations

((You can breathe blasts of fire.))
((Your fiery red scales are hard. (AC +6)))
You cannot fit into any form of body armour.
((Your flesh is heat resistant. (rF+)))
((You are cold-blooded and may be slowed by cold attacks.))
((Your flesh is cold resistant. (rC+)))


Message History

* * * LOW HITPOINT WARNING * * *
As you read the scroll of teleportation, it crumbles to dust.
You feel strangely unstable. The orc warrior closely misses you.
Something hits you but does no damage.
Really quaff the potion of lignification? [Y]es or [N]o only, please.
Really quaff the potion of lignification? [Y]es or [N]o only, please.
Really quaff the potion of lignification? [Y]es or [N]o only, please.
Really quaff the potion of lignification?
Your horns disappear.
You turn into a tree.
Your +0 cloak melds into your body.
Your +0 pair of boots melds into your body.
Your roots penetrate the ground.
You feel strangely stable. Something hits you but does no damage.
You smack the orc warrior!
The orc warrior is heavily wounded.
The orc warrior hits you with a +0 long sword!
You die...

#....#.......#....##...##...#...
#....#.......##...##............
#....#...##..##...##........###.
.#....#...##................##W##
.'....o...#................##...#
.#....#...#.............#.##..!..
##....#...##.>##+####...#.#⌠..♣..
......#...##..##...##...#.##..%..
......#...'.o.oo♣..........##...#
..#'###...#....{............##⌠##
..#. ##'###..÷..............###.
. #. ....,#............##.......
#.... #............ ...#... #....
#..##.######+* #... ,#######* ,,
#. , , , * , *


You could see an orc warrior, an orc wizard and an orc.

Vanquished Creatures
  A phantom (D:5)
  An ogre (D:4)
  2 centaurs
  A bullfrog (D:6)
  A scorpion (D:4)
  A crimson imp (D:5)
  A bullfrog zombie (D:5)
  A hound (D:3)
  2 orc wizards
  2 centaur skeletons
  2 bullfrog skeletons
  An iguana (D:6)
  5 worker ants
  Natasha (thrice) (D:3)
  A hound skeleton (D:5)
  5 gnolls
  9 adders
  2 shadow imps
  An adder zombie (D:6)
  2 worms
  2 dart slugs
  3 leopard geckos (D:2)
  9 orcs
  A ball python (D:4)
  6 bats
  2 giant cockroaches
  4 goblins
  3 hobgoblins
  6 jackals (D:1)
  4 quokkas
  5 frilled lizards
  A giant cockroach zombie (D:5)
  4 kobolds
  A quokka skeleton (D:4)
  9 rats
104 creatures vanquished.

Vanquished Creatures (others)
  A scorpion (D:5)
  An iguana (D:5)
  A worm (D:5)
3 creatures vanquished.

Grand Total: 107 creatures vanquished

Notes
Turn   | Place    | Note
-------+----------+-------------------------------------------
     0 | D:1      | Aggronaut the Draconian Transmuter began the quest for the
                  | Orb.
     0 | D:1      | Reached XP level 1. HP: 16/16 MP: 3/3
   350 | D:1      | Reached XP level 2. HP: 12/23 MP: 5/5
   895 | D:2      | Reached skill level 3 in Transmutations
  1172 | D:2      | Reached XP level 3. HP: 24/28 MP: 6/6
  1810 | D:3      | Noticed Natasha
  1831 | D:3      | Killed Natasha
  1831 | D:3      | Reached XP level 4. HP: 6/35 MP: 5/7
  2087 | D:3      | Noticed Natasha
  2095 | D:3      | Killed Natasha
  2095 | D:3      | Reached skill level 4 in Transmutations
  2664 | D:3      | Noticed Natasha
  2673 | D:3      | Killed Natasha
  2673 | D:3      | Reached XP level 5. HP: 18/40 MP: 6/8
  3664 | D:3      | Reached skill level 5 in Transmutations
  3674 | D:3      | Learned a level 5 spell: Blade Hands
  3704 | D:3      | HP: 2/40 [gnoll (6)]
  4106 | D:3      | Reached XP level 6. HP: 14/47 MP: 9/9
  5011 | D:4      | Reached skill level 6 in Transmutations
  5046 | D:4      | Reached skill level 5 in Unarmed Combat
  5191 | D:4      | Your scales start taking on a fiery red colour.
  5191 | D:4      | Reached XP level 7. HP: 40/52 MP: 8/10
  5191 | D:4      | Gained mutation: Your flesh is heat resistant. (rF+) [Red
                  | Draconian growth]
  5217 | D:4      | Learned a level 3 spell: Spider Form
  5397 | D:5      | Entered Level 5 of the Dungeon
  5723 | D:5      | Reached skill level 7 in Transmutations
  6172 | D:5      | Got a steaming wooden ring
  6441 | D:4      | Identified the ring "Iluargha" {rN+ MR++ Dex+3} (You found
                  | it on level 5 of the Dungeon)
  6742 | D:5      | Found a shimmering altar of Xom.
  7016 | D:6      | Reached XP level 8. HP: 59/59 MP: 11/11
  7037 | D:6      | Noticed PeterQ's ghost (novice VSGl)
  7043 | D:6      | Found a runed translucent door.
  7063 | D:6      | Reached skill level 8 in Transmutations
  7187 | D:6      | Gained mutation: You passively map a small area around you.
                  | [potion of mutation]
  7187 | D:6      | Lost mutation: You passively map a small area around you.
                  | [potion of mutation]
  7187 | D:6      | Gained mutation: Your flesh is cold resistant. (rC+)
                  | [potion of mutation]
  7188 | D:6      | HP: 2/59 [something/puff of frost (6)]
  7191 | D:6      | Mangled by an orc warrior

Levels and vault maps discovered:
D:1:      scummos_arrival_gate, layout_loops_ring
D:2:      layout_rooms, minivault_11, minivault_4
D:3:      layout_basic, uniq_natasha
D:4:      layout_cave_pools, first_ration
D:5:      layout_loops_ring, xom_confusion_cloud
D:6:      layout_gridville, hellmonk_ghost_happy_afterlife

Skill      XL: |  1  2  3  4  5  6  7  8 |
---------------+-------------------------+-----
Transmutations | 3 4 5 6 7 8 |  8.2
Unarmed Combat | 4 5 6 |  6.3
Fighting       | |  1.1
Dodging        | |  1.7
Spellcasting   | |  2.0

Action                   |  1- 3 |  4- 6 |  7- 9 || total
-------------------------+-------+-------+-------++-------
Melee: Unarmed           |   125 |   223 |   180 ||   528
       Tailslap          |     7 |    22 |    16 ||    45
       Kick              |     3 |    14 |     6 ||    23
       Headbutt          |     1 |     9 |     8 ||    18
       Punch             |       |     5 |     9 ||    14
 Cast: Beastly Appendage |     5 |    14 |     7 ||    26
       Blade Hands       |       |     1 |       ||     1
 Abil: Breathe Fire      |       |       |     1 ||     1
  Use: Scroll            |     2 |     2 |     6 ||    10
       Potion            |       |     4 |     4 ||     8
 Stab: Sleeping          |     1 |     1 |     2 ||     4
  Eat: Chunk             |     3 |     5 |     6 ||    14
       Ration            |       |     2 |       ||     2
Armor: Skin              |    44 |    47 |    47 ||   138
Dodge: Dodged            |    90 |   165 |   112 ||   367

Table legend:
 A = Non-vault XP
 B = Vault XP
 C = Vault XP percentage of total XP
 D = Non-vault monster count
 E = Vault monster count
 F = Vault count percentage of total count
                 A         B        C        D         E       F
            +---------+---------+-------+---------+---------+-------
      Total |    1468 |     192 |  11.6 |     100 |       4 |   3.8
            +---------+---------+-------+---------+---------+-------
        D:1 |      28 |       0 |   0.0 |      15 |       0 |   0.0
        D:2 |      42 |       0 |   0.0 |      17 |       0 |   0.0
        D:3 |     271 |      35 |  11.4 |      24 |       1 |   4.0
        D:4 |     438 |       0 |   0.0 |      20 |       0 |   0.0
        D:5 |     446 |     157 |  26.0 |      19 |       3 |  13.6
        D:6 |     243 |       0 |   0.0 |       5 |       0 |   0.0
            +---------+---------+-------+---------+---------+-------
